 Dungeon Crawl Stone Soup version 0.26-a0-738-g91b530ce93 (webtiles) character file.

Game seed: 654672455882033974

2247 Queen the Cleaver (level 9, 0/79 HPs)
             Began as a Grey Draconian Fighter on Nov 5, 2020.
             Was an Initiate of the Shining One.
             Slain by a two-headed ogre
             ... wielding a +0 giant club
              (25 damage)
             ... on level 9 of the Dungeon.
             The game lasted 00:18:21 (8094 turns).

Queen the Cleaver (Grey Draconian Fighter)          Turns: 8094, Time: 00:18:21

Health: 0/79       AC: 14    Str: 22    XL:     9   Next: 15%
Magic:  6/9        EV: 12    Int:  8    God:    the Shining One [......]
Gold:   91         SH: 15    Dex: 11    Spells: 8/8 levels left

rFire    . . .     SeeInvis .   a - +0 war axe
rCold    . . .     Faith    .   b - +0 kite shield
rNeg     . . .     Spirit   .   (armour unavailable)
rPois    .         Reflect  +   (helmet restricted)
rElec    .         Harm     .   B - +0 cloak (curse)
rCorr    .         Rampage  .   (no gloves)
MR       .....                  q - +0 pair of boots
Stlth    +.........             g - amulet of reflection
HPRegen  0.23/turn              (no ring)
MPRegen  0.11/turn              (no ring)

@: about to teleport, glowing
A: walk through water, unfitting armour, unbreathing, cold-blooded, AC +12
a: Renounce Religion


You were on level 9 of the Dungeon.
You worshipped the Shining One.
The Shining One was noncommittal.
You visited 2 branches of the dungeon, and saw 9 of its levels.
You also visited: Ossuary.

You collected 343 gold pieces.
You spent 252 gold pieces at shops.

Inventory:

Hand Weapons
 a - a +0 war axe (weapon)
Armour
 b - a +0 kite shield (worn)
 q - a +0 pair of boots (worn)
 B - a cursed +0 cloak (worn)
Jewellery
 g - an amulet of reflection (around neck)
Wands
 k - a wand of flame (16)
 s - a wand of enslavement (6)
 D - a wand of iceblast (7)
Scrolls
 d - 3 scrolls of fear
 i - a scroll of fog
 m - 2 scrolls of immolation {unknown}
 o - 3 scrolls of remove curse {unknown}
 p - 3 scrolls of teleportation
 r - a scroll of identify
 u - a scroll of enchant weapon {unknown}
 v - a scroll of enchant armour {unknown}
 y - a scroll of blinking {unknown}
 C - a scroll of amnesia
Potions
 c - 4 potions of might
 e - a potion of invisibility
 f - 5 potions of curing
 h - a potion of lignification {unknown}
 j - 3 potions of stabbing
 l - 2 potions of magic
 n - 4 potions of flight
 t - a potion of degeneration {unknown}
 w - a potion of haste {unknown}
 x - 4 potions of brilliance
 z - 2 potions of mutation {unknown}
 A - a potion of ambrosia


   Skills:
 * Level 7.4 Fighting
 + Level 8.0 Axes
 + Level 5.1 Dodging
 + Level 6.0 Shields


You had 8 spell levels left.
You didn't know any spells.
Your spell library was empty.

Dungeon Overview and Level Annotations

Branches:
Dungeon (7/15)             Temple (1/1) D:5         Ossuary (visited)

Altars:
Ashenzari
Elyvilon
Fedhas
Gozag
Hepliaklqana
Kikubaaqudgha
Okawaru
Ru
Sif Muna
Trog
Uskayaw
Vehumet
Wu Jian
Xom
Yredelemnul
Zin
The Shining One

Shops:
D:6 }[!

Annotations:
D:6 exclusion: 2 doors


Innate Abilities, Weirdness & Mutations

You can walk through water.
Your dull iron-grey scales are very hard. (AC +12)
You cannot fit into any form of body armour.
You can survive without breathing.
You are cold-blooded and may be slowed by cold attacks.


Message History

The orc wizard hits you but does no damage.
You block the adder's attack.
You slash the quokka!
You kill the quokka!
Your Axes skill increases to level 8!
You slash the adder!
You kill the adder!
You hit the orc wizard.
You kill the orc wizard!
Items here: )) †††.
You slash the two-headed ogre!
The two-headed ogre is heavily wounded.
You hit the orc but do no damage. You block the orc's attack.
You block the two-headed ogre's attack. The two-headed ogre closely misses you.
Okay, then.
Okay, then.
As you read the scroll of teleportation, it crumbles to dust.
You feel strangely unstable. You block the orc's attack.
The two-headed ogre hits you with a +0 giant club!!
You die...

#.$ #.# ####.#
.....# #########
.##..# #.......#
.##..# #.......#
r##..# #.....).#
.##..###.#....oO.#
.##..#.#.#####†#@#
.......#.# #.#o# #
.#####.#.#
#o#G#.### .# #.#.#
#........ .#
#.#.#####....###o
.# #r#...r......#
.# #.#.......####
.# #.......#$..#
.. #######G#.#.#


You could see a two-headed ogre, an eye of draining and 2 orcs.

Vanquished Creatures
  Edmund (D:5)
  2 orc warriors (D:6)
  A sky beast (D:5)
  3 ogres
  3 bullfrogs
  A big kobold (D:5)
  2 elf zombies (Ossuary)
  Blork the orc (D:6)
  A scorpion (D:6)
  6 killer bees
  2 centaur zombies
  2 orc priests
  A bullfrog skeleton (D:5)
  A centaur skeleton (D:7)
  A hound (D:4)
  3 orc wizards
  An iguana (D:4)
  Jessica (D:3)
  A human zombie (Ossuary)
  4 worker ants
  A hound zombie (D:6)
  2 mummies (Ossuary)
  A gnoll (D:1)
  8 adders
  A shadow imp (D:7)
  3 white imps
  4 oozes
  4 adder skeletons
  A worm (D:3)
  3 dart slugs (D:1)
  9 leopard geckos
  16 orcs
  8 giant cockroaches
  5 goblins
  6 hobgoblins
  18 jackals
  9 kobolds
  5 quokkas
  A ball python zombie (D:6)
  6 bats
  6 frilled lizards
  9 hobgoblin zombies (Ossuary)
  A jackal skeleton (D:6)
  5 jackal zombies (Ossuary)
  6 kobold zombies (Ossuary)
  11 orc zombies (Ossuary)
  A quokka skeleton (D:2)
  15 rats
  A rat zombie (Ossuary)
  10 bushes (D:5)
214 creatures vanquished.

Vanquished Creatures (others)
  A kobold (D:5)
  12 plants
13 creatures vanquished.

Grand Total: 227 creatures vanquished

Notes
Turn   | Place    | Note
-------+----------+-------------------------------------------
     0 | D:1      | Queen the Draconian Fighter began the quest for the Orb.
     0 | D:1      | Reached XP level 1. HP: 19/19 MP: 1/1
    63 | D:1      | Reached XP level 2. HP: 22/26 MP: 2/2
   141 | D:1      | Reached XP level 3. HP: 28/33 MP: 3/3
   703 | D:1      | Reached XP level 4. HP: 27/40 MP: 4/4
  1143 | D:2      | Reached skill level 3 in Axes
  1277 | D:2      | Reached XP level 5. HP: 23/47 MP: 5/5
  1894 | D:3      | Found a faded altar of an unknown god.
  2075 | D:3      | Noticed Jessica
  2082 | D:3      | Killed Jessica
  2472 | D:4      | Reached skill level 4 in Axes
  2488 | D:4      | Reached XP level 6. HP: 28/53 MP: 6/6
  3041 | D:4      | Reached skill level 5 in Fighting
  3305 | D:4      | Reached skill level 5 in Axes
  3341 | D:5      | Entered Level 5 of the Dungeon
  3409 | D:5      | Found a sand-covered staircase.
  3419 | Ossuary  | Entered an ossuary
  3524 | Ossuary  | Your scales start taking on a dull iron-grey colour.
  3524 | Ossuary  | Reached XP level 7. HP: 34/61 MP: 7/7
  3524 | Ossuary  | Gained mutation: You can survive without breathing. [Grey
                  | Draconian growth]
  4002 | D:5      | Found a staircase to the Ecumenical Temple.
  4018 | D:5      | Reached skill level 6 in Axes
  4031 | D:5      | Found a basalt altar of Yredelemnul.
  4223 | D:5      | Noticed Edmund
  4235 | D:5      | Killed Edmund
  4364 | D:5      | Reached XP level 8. HP: 68/70 MP: 8/8
  5582 | D:6      | Found Ixzuddi's Distillery.
  5589 | D:6      | Bought a potion of brilliance for 56 gold pieces
  5589 | D:6      | Bought a potion of curing for 42 gold pieces
  5589 | D:6      | Bought a potion of flight for 42 gold pieces
  5589 | D:6      | Bought a potion of ambrosia for 112 gold pieces
  6063 | D:6      | Reached skill level 7 in Axes
  6252 | D:6      | Reached skill level 5 in Shields
  6335 | D:6      | Noticed Blork the orc
  6344 | D:6      | Killed Blork the orc
  6393 | D:6      | Found Tauhas's Gadget Boutique.
  6488 | D:6      | Found Wiuwko Fiata's Antique Armour Shoppe.
  6979 | D:7      | Found a glowing silver altar of Zin.
  7060 | Temple   | Entered the Ecumenical Temple
  7159 | Temple   | Became a worshipper of the Shining One
  7881 | D:7      | Found a shimmering altar of Xom.
  7881 | D:7      | Noticed an angel
  7969 | D:7      | Reached skill level 5 in Dodging
  7969 | D:7      | Reached XP level 9. HP: 79/79 MP: 9/9
  8037 | D:7      | You fall into a shaft and drop 2 floors!
  8038 | D:9      | Noticed a two-headed ogre
  8091 | D:9      | Reached skill level 8 in Axes
  8094 | D:9      | Slain by a two-headed ogre

Illustrated notes

Levels and vault maps discovered:
D:1:      dpeg_arrival_ratfight, layout_basic, chequers_garden
D:2:      layout_rooms
D:3:      lemuel_upstairs_altar, layout_loops_ring,
          chequers_ecumenical_altar_lobes, minmay_misc_feat_iff, uniq_jessica
D:4:      layout_loops_ring
D:5:      layout_layer_cave, lemuel_doored_altar, temple_pool_b,
          nicolae_ossuary_entry_ruins, lexackson_kobold_supper, uniq_edmund
D:6:      cheibrodos_two_vegetables, layout_basic, serial_shops, shop, shop,
          nicolae_shop_trees, uniq_blork_the_orc
D:7:      layout_gridville, grunt_temple_overflow_order_and_chaos_1
D:9:      layout_basic, lair_entry_dummy, orc_0_dummy
Temple:   jpeg_temple_clearing

Skill      XL: |  1  2  3  4  5  6  7  8  9 |
---------------+----------------------------+-----
Dodging        | 3 4 5 |  5.1
Fighting       | 4 5 6 7 |  7.4
Axes           | 3 4 5 6 7 8 |  8.0
Shields        | 4 5 6 |  6.0

Action                   |  1- 3 |  4- 6 |  7- 9 || total
-------------------------+-------+-------+-------++-------
Melee: War axe           |    75 |   247 |   697 ||  1019
       Tailslap          |     8 |    22 |   161 ||   191
  Use: Scroll            |       |       |     8 ||     8
       Potion            |       |       |     4 ||     4
 Stab: Sleeping          |       |     2 |       ||     2
Armor: Skin              |    17 |    61 |   103 ||   181
Dodge: Dodged            |    35 |   132 |   146 ||   313
Block: Kite shield       |    47 |   121 |   264 ||   432
       Reflection        |       |       |     8 ||     8

Table legend: (Time is in decaauts)
 A = Elapsed time spent in this place.
 B = Non-inter-level travel time spent in this place.
 C = Inter-level travel time spent in this place.
 D = Time resting spent in this place.
 E = Time spent auto-exploring this place.
 F = Levels seen in this place.
 G = Mean time per level.
                   A        B        C        D        E       F      G
               +--------+--------+--------+--------+--------+-----+--------+
         Total |   8404 |   8100 |    304 |    559 |   5267 |  10 |  840.4 |
       Dungeon |   7676 |   7393 |    283 |    297 |   5099 |   8 |  959.5 |
        Temple |    119 |     98 |     21 |      0 |     94 |   1 |  119.0 |
       Ossuary |    608 |    608 |      0 |    262 |     74 |   1 |  608.0 |
               +--------+--------+--------+--------+--------+-----+--------+

Top non-repeatable levels by time:
     D:5: 1882 daAuts
     D:6: 1860 daAuts
     D:2: 1026 daAuts
     D:4: 921 daAuts
     D:3: 754 daAuts
     D:1: 752 daAuts
 Ossuary: 608 daAuts
     D:7: 418 daAuts
  Temple: 119 daAuts
     D:9: 59 daAuts
